[Event "*** Titled Tuesday 3|2 Blitz"]
[Site "Chess.com"]
[Date "2016.05.03"]
[Round "1"]
[White "AlexanderL"]
[Black "evgenyermolaev"]
[Result "1-0"]
[WhiteElo "2579"]
[BlackElo "2267"]
[TimeControl "180+2"]
[EndTime "11:07:16 PDT"]
[Termination "AlexanderL won by resignation"]

1. d4 Nf6 2. Bg5 Ne4 3. Bf4 c5 4.
d5 Qb6 5. Bc1 g6 6. f3 Qa5+ 7.
c3 Nf6 8. e4 d6 9. Na3 Bg7 10.
Nc4 Qc7 11. a4 Nbd7 12. Nh3 Nb6 13. Nxb6 axb6 14. Nf2 O-O 15. Be2 e6 16. O-O exd5 17. exd5 Bd7 18. Qb3 b5 19. Bxb5 Bxb5 20. Qxb5 Nxd5 21.
Rd1 Ne7 22. Bf4 Rfd8 23. Ne4 Be5 24. Bxe5 dxe5 25. Qxc5 Rxd1+ 26. Rxd1 Qxc5+ 27. Nxc5 b6 28. Nd7 Rxa4 29. Nxb6 Ra2 30. Nc4 Nc6 31. Rd6 Ne7 32. Rd7 Nf5 33. Kf2 Kg7 34. g4 Nh4 35. Rb7 g5 36. Nxe5 Kf6 37. Nxf7 Ra4 38. Nd6 h6 39. Ne4+ Ke5 40. Rb5+ Kf4 41. Ng3 Nxf3 42. Rf5+ Kxg4 43. Rxf3 Ra2 44. Ne2 Rxb2 45. c4 Rc2 46. Rc3 Rd2 47.
c5 Rd7 48. c6 Rc7 49. Nd4 h5 50. h3+ 1-0

[Event "*** Titled Tuesday 3|2 Blitz"]
[Site "Chess.com"]
[Date "2016.05.03"]
[Round "1"]
[White "iturrizaga"]
[Black "hellokostya"]
[Result "1-0"]
[WhiteElo "2544"]
[BlackElo "2188"]
[TimeControl "180+2"]
[EndTime "11:07:27 PDT"]
[Termination "iturrizaga won by resignation"]

1. Nf3 Nf6 2. c4 g6 3. Nc3 Bg7 4. g3 O-O 5. Bg2 d6 6. d4 Nc6 7. O-O a6 8. Bf4 Rb8 9. Rc1 h6 10. Qd2 g5 11. Be3 Ng4 12. Rfd1 e6 13. d5 Nxe3 14. Qxe3 Ne7 15. dxe6 fxe6 16. Nd4 Nf5 17. Nxf5 Rxf5 18. Qa7 Bd7 19. Bxb7 Rf8 20. b3 Qf6 21. Bf3 Rbc8 22. Ne4 Qe7 23. Qe3 a5 24. Nc3 Be5 25.
c5 Qg7 26. c6 Be8 27. Nb5 Bf4 28. Qxe6+ Bf7 29. Qe4 Bxc1 30. Rxc1 Bg6 31. Qd4 a4 32.
bxa4 Rfe8 33. Qxg7+ Kxg7 34. Bg4 1-0

[Event "*** Titled Tuesday 3|2 Blitz"]
[Site "Chess.com"]
[Date "2016.05.03"]
[Round "1"]
[White "AdrianaNikolova"]
[Black "yurisolo"]
[Result "1-0"]
[WhiteElo "2226"]
[BlackElo "2532"]
[TimeControl "180+2"]
[EndTime "11:07:31 PDT"]
[Termination "AdrianaNikolova won by checkmate"]

1. e4 c5 2. c3 Nf6 3. e5 Nd5 4. d4 cxd4 5. cxd4 d6 6. Nf3 Nc6 7. Bb5 Qa5+ 8. Nc3 Nxc3 9. Bxc6+ bxc6 10. bxc3 Qxc3+ 11. Bd2 Qd3 12. Rc1 g6 13. Rc3 Qa6 14. exd6 exd6 15. Re3+ Be6 16. Ng5 Qxa2 17. Nxe6 fxe6 18.
O-O Bh6 19. Qf3 Qd5 20. Qf6 Kd7 21. Rb1 Rab8 22. Ra1 a5 23. Rxa5 Rb1+ 24. Re1 Bxd2 25. Ra7+ Kc8 26. Qxh8# 1-0

[Event "*** Titled Tuesday 3|2 Blitz"]
[Site "Chess.com"]
[Date "2016.05.03"]
[Round "1"]
[White "bugsbunny444"]
[Black "Badouuu"]
[Result "0-1"]
[WhiteElo "2372"]
[BlackElo "2010"]
[TimeControl "180+2"]
[EndTime "11:07:38 PDT"]
[Termination "Badouuu won on time"]

1. Nf3 Nf6 2. c4 e6 3. g3 c5 4. Bg2 Nc6 5. O-O d5 6. e3 Be7 7. b3 O-O 8. Bb2 Ne4 9. d3 Nd6 10. cxd5 exd5 11. d4 Bf6 12. Nc3 Ne4 13. Rc1 cxd4 14.
Nxd4 Nxd4 15. exd4 Bf5 16. Re1 Re8 17. Nxe4 Bxe4 18. Bxe4 dxe4 19. Qg4 Bg5 20. Rcd1 e3 21. f4 Bf6 22. Qf3 Qe7 23. Re2 Rad8 24. Rd3 Qb4 25.
Rdxe3 Bxd4 26. Bxd4 Qxd4 27. Kg2 Rxe3 28. Rxe3 h6 29. Re2 b6 30. h4 a5 31. a4 Qd1 32.
Re8+ Kh7 0-1

[Event "*** Titled Tuesday 3|2 Blitz"]
[Site "Chess.com"]
[Date "2016.05.03"]
[Round "1"]
[White "A-Fier"]
[Black "YuriyKrykun"]
[Result "1/2-1/2"]
[WhiteElo "2587"]
[BlackElo "2306"]
[TimeControl "180+2"]
[EndTime "11:07:42 PDT"]
[Termination "Game drawn - insufficient material"]

1. e4 c5 2. Nf3 Nc6 3. d4 cxd4 4. Nxd4 e5 5. Nb5 a6 6. Nd6+ Bxd6 7. Qxd6 Qe7 8. Qxe7+ Ngxe7 9. Nc3 d5 10. Nxd5 Nxd5 11. exd5 Nb4 12. Kd2 Nxd5 13. Bc4 Be6 14. Bb3 O-O-O 15. Ke2 f6 16. Bd2 Nc7 17. c3 Bxb3 18.
axb3 Ne6 19. Be3 Rd7 20. g3 Rhd8 21. Ra4 h5 22. Rha1 Rd5 23. b4 h4 24. Ra5 Rxa5 25. Rxa5 hxg3 26. hxg3 Kc7 27. b5 axb5 28. Rxb5 Rd6 29.
Ra5 Ra6 30. Rb5 Rd6 31. Kf3 Ra6 32. Ke4 Kc6 33. Rb4 b5 34. Kf5 Nc7 35. Kg6 Nd5 36.
Re4 Nxe3 37. Rxe3 Ra2 38. Re2 Ra7 39. f4 exf4 40. gxf4 Kc5 41. Re4 Rd7 42. f5 Ra7 43.
Re8 Kc4 44. Rg8 Kb3 45. Rxg7 Rxg7+ 46. Kxg7 Kxb2 47. Kxf6 Kxc3 48. Ke5 b4 49. f6 b3 50. f7 b2 51. f8=Q b1=Q 52. Qc8+ Kb2 53. Qb7+ Kc1 54.
Qc6+ Qc2 55. Qa6 Qc3+ 56. Ke4 Qc2+ 57. Kd4 Qd2+ 58. Ke4 Qc2+ 59. Ke3 Qd2+ 60. Kf3 Qd1+ 61. Qe2 Qxe2+ 62. Kxe2 1/2-1/2

[Event "*** Titled Tuesday 3|2 Blitz"]
[Site "Chess.com"]
[Date "2016.05.03"]
[Round "1"]
[White "vinceyoung15"]
[Black "Rikikits"]
[Result "0-1"]
[WhiteElo "2146"]
[BlackElo "2509"]
[TimeControl "180+2"]
[EndTime "11:07:42 PDT"]
[Termination "Rikikits won by resignation"]

1. e4 c5 2. Nf3 e6 3. c3 Nf6 4. e5 Nd5 5. d4 cxd4 6. cxd4 d6 7. Nc3 Bd7 8. Bd3 Bc6 9. O-O Nd7 10. Re1 dxe5 11.
Nxe5 Nxe5 12. dxe5 Be7 13. Qe2 Nxc3 14. bxc3 O-O 15.
Bf4 Qa5 16. Rac1 Rfd8 17. Bb1 Rac8 18. Qh5 g6 19. Qh6 Qd5 20. Be4 Qxa2 21. Bxc6 Rxc6 22. Re3 Qc2 23. Rf1 Rxc3 24. Bg5 Bxg5 25. Qxg5 Rdc8 26.
h4 Qf5 27. Rxc3 Rxc3 28. Qd8+ Kg7 29. Qd4 Rd3 30. Qxa7 Rb3 31. Qd4 Rb1 32. Rxb1 Qxb1+ 33. Kh2 Qf5 34. f3 h6 35. Kg1 g5 36. hxg5 hxg5 37. Kf2 Qf4 38. Qd6 b5 39. Qc5 b4 40. g3 Qd2+ 41.
Kf1 b3 42. Qe7 Qc1+ 43. Kf2 Qb2+ 44. Kf1 Qxe5 45. f4 gxf4 0-1

[Event "*** Titled Tuesday 3|2 Blitz"]
[Site "Chess.com"]
[Date "2016.05.03"]
[Round "1"]
[White "Alexander_Donchenko"]
[Black "hypert"]
[Result "1-0"]
[WhiteElo "2657"]
[BlackElo "2333"]
[TimeControl "180+2"]
[EndTime "11:07:43 PDT"]
[Termination "Alexander_Donchenko won by resignation"]

1. d4 Nf6 2. c4 e6 3. g3 d5 4.
Bg2 Be7 5. Nf3 O-O 6. O-O dxc4 7. Qc2 a6 8. a4 Bd7 9. Qxc4 Bc6 10. Bf4 a5 11.
Nc3 Na6 12. Rac1 h6 13. Rfd1 Bb4 14. Qd3 Nd5 15. Nxd5 exd5 16. b3 Ba3 17. Rb1 Bd6 18. Ne5 Be8 19. Bxd5 Nb4 20. Qc4 c6 21. Bg2 Rc8 22.
Bd2 b5 23. Qc3 Nd5 24. Qf3 Bb4 25. axb5 Bxd2 26. Rxd2 Qg5 27. e3 Nb4 28. h4 Qe7 29. Rc1 f6 30. Nxc6 Nxc6 31. bxc6 Bf7 32. d5 Qd6 33.
Qf4 Rfd8 34. Qxd6 Rxd6 35. Rc5 1-0

[Event "*** Titled Tuesday 3|2 Blitz"]
[Site "Chess.com"]
[Date "2016.05.03"]
[Round "1"]
[White "PowerThinking2650"]
[Black "Boryboy"]
[Result "0-1"]
[WhiteElo "2146"]
[BlackElo "2499"]
[TimeControl "180+2"]
[EndTime "11:07:44 PDT"]
[Termination "Boryboy won by resignation"]

1. e4 e6 2. d4 d5 3. Nd2 Nf6 4. e5 Ne4 5. Bd3 Nxd2 6. Bxd2 c5 7. c3 Qb6 8. Ne2 Qxb2 9. O-O Qb6 10. f4 Nc6 11. Rb1 Qc7 12. g4 h5 13. h3 hxg4 14. hxg4 Bd7 15. Kg2 O-O-O 16. Qa4 Nxe5 17. Bb5 Bxb5 18.
Rxb5 Nc4 19. Rfb1 b6 20. Be1 Bd6 21. Bg3 g5 22. dxc5 Bxc5 23. f5 Bd6 24. fxe6 fxe6 25. Qa6+ Kd7 26. Qa4 Ke7 27. Re1 Ne3+ 28. Kf3 Bxg3 29.
Nxg3 Rdf8+ 30. Nf5+ Nxf5 31. gxf5 Rxf5+ 32. Ke2 Re5+ 33. Kd1 Rxe1+ 34. Kxe1 Qg3+ 0-1

[Event "*** Titled Tuesday 3|2 Blitz"]
[Site "Chess.com"]
[Date "2016.05.03"]
[Round "1"]
[White "MinhGTrAn"]
[Black "oggy1984"]
[Result "1-0"]
[WhiteElo "2624"]
[BlackElo "2309"]
[TimeControl "180+2"]
[EndTime "11:07:48 PDT"]
[Termination "MinhGTrAn won by resignation"]

1. d4 Nf6 2. c4 g6 3. Nc3 Bg7 4.
e4 d6 5. Bd3 O-O 6. Nge2 c5 7. d5 a6 8. O-O b5 9. cxb5 Nbd7 10.
a4 Ne5 11. Bc2 axb5 12. Nxb5 Ba6 13. Nec3 Qb6 14. h3 Rfb8 15. Bg5 h6 16. Bh4 Nc4 17. b3 Ne5 18. f4 Ned7 19. Kh2 Bxb5 20. Nxb5 c4 21.
bxc4 Nc5 22. Qe2 g5 23. fxg5 hxg5 24. Bxg5 Ncd7 25. Ra3 Ne5 26. Rg3 Ng6 27. e5 dxe5 28.
Bxg6 fxg6 29. Bxf6 exf6 30. Rxg6 Rxa4 31. Qg4 Rb7 32.
Rfxf6 Qe3 33. Rxg7+ Rxg7 34. Qc8+ Kh7 35. Qf5+ 1-0

[Event "*** Titled Tuesday 3|2 Blitz"]
[Site "Chess.com"]
[Date "2016.05.03"]
[Round "1"]
[White "cabalista"]
[Black "Sophiste2"]
[Result "0-1"]
[WhiteElo "2360"]
[BlackElo "2780"]
[TimeControl "180+2"]
[EndTime "11:07:50 PDT"]
[Termination "Sophiste2 won on time"]

1. e4 c5 2. f4 a6 3. Nc3 b5 4. Nf3 Bb7 5. d4 cxd4 6. Qxd4 e6 7. Bd3 Nc6 8. Qf2 Nb4 9. Be3 Nf6 10. h3 Be7 11. O-O O-O 12. a3 Nxd3 13. cxd3 d6 14. Bd4 Rc8 15. Nd1 Nd7 16. Ne3 Nc5 17. Qg3 g6 18. Ng4 h5 19. Nf2 Nb3 20. Bc3 Nxa1 21. Rxa1 Bf6 22. e5 Bg7 23. Ng5 dxe5 24. fxe5 Qd5 25. Re1 a5 26. Nf3 Qb3 27. Nd4 Qa4 28. Ne4 b4 29. axb4 axb4 30. b3 Qd7 31. Bb2 Bxe4 0-1

[Event "*** Titled Tuesday 3|2 Blitz"]
[Site "Chess.com"]
[Date "2016.05.03"]
[Round "1"]
[White "underdogchss"]
[Black "eugeniusjr"]
[Result "1-0"]
[WhiteElo "2369"]
[BlackElo "1878"]
[TimeControl "180+2"]
[EndTime "11:07:50 PDT"]
[Termination "underdogchss won by resignation"]

1. d4 Nf6 2. Nf3 g6 3. c4 Bg7 4. Nc3 d5 5. Qb3 dxc4 6. Qxc4 O-O 7. e4 Nfd7 8. Qb3 Nb6 9. Qd1 Bg4 10. Be3 Nc6 11. e5 Nd5 12. Be2 f6 13. Qb3 Be6 14. Bc4 Na5 15. Bxd5 Nxb3 16. Bxe6+ Kh8 17. axb3 fxe5 18.
dxe5 Rxf3 19. gxf3 Bxe5 20. Rd1 Qf8 21. Ke2 c6 22. Ne4 Rd8 23. Ng5 Kg7 24. Nf7 Rxd1 25. Rxd1 Qb8 26. Rd8 Qc7 27. Rd7 Qa5 28. Nxe5 Kf6 29.
Nc4 Qb5 30. Bh3 h5 31. Rd3 a5 32. Bd4+ Kf7 33. Re3 a4 34. Be6+ Kf8 35. bxa4 Qxa4 36. b3 Qxb3 37. Rxb3 1-0

[Event "*** Titled Tuesday 3|2 Blitz"]
[Site "Chess.com"]
[Date "2016.05.03"]
[Round "1"]
[White "ArnaudovP"]
[Black "Wolverine_master"]
[Result "1-0"]
[WhiteElo "2421"]
[BlackElo "2030"]
[TimeControl "180+2"]
[EndTime "11:07:53 PDT"]
[Termination "ArnaudovP won by resignation"]

1. d4 Nf6 2. c4 c5 3. d5 b5 4.
Qc2 d6 5. e4 bxc4 6. Nd2 g6 7.
Nxc4 Bg7 8. Be2 O-O 9. Nf3 Bg4 10.
O-O Nbd7 11. Rb1 Ne8 12. b3 Bxf3 13. Bxf3 Ne5 14. Nxe5 Bxe5 15. Bb2 Bxb2 16. Qxb2 Nc7 17. Be2 a6 18. a4 Qb8 19. Bc4 Qb4 20. e5 Qb7 21. Rbd1 Rfd8 22. Rfe1 Rab8 23. exd6 exd6 24.
Re7 Re8 25. Qf6 Rxe7 26. Qxe7 Ne8 27. Re1 Qxe7 28. Rxe7 Nf6 29. f3 Kf8 30. Ra7 Re8 31.
Rxa6 Ke7 32. Ra7+ Nd7 33. Bb5 Rd8 34. Kf2 Ke8 35. Ke3 Ke7 36. Kd3 f5 37. Kc4 g5 38.
Bc6 g4 39. fxg4 fxg4 40. Rxd7+ Rxd7 41. Bxd7 Kxd7 42. Kb5 Kc7 43. a5 Kb7 44. a6+ Ka7 45. Ka5 h6 46. Kb5 h5 47. g3 Ka8 48. Kb6 Kb8 49.
Kc6 Ka7 50. Kxd6 Kxa6 51. Kxc5 Kb7 52. d6 Kc8 53. Kc6 Kd8 54. d7 Ke7 55. Kc7 1-0

[Event "*** Titled Tuesday 3|2 Blitz"]
[Site "Chess.com"]
[Date "2016.05.03"]
[Round "1"]
[White "Gevorg_Harutjunyan"]
[Black "kikydu96"]
[Result "1-0"]
[WhiteElo "2585"]
[BlackElo "2284"]
[TimeControl "180+2"]
[EndTime "11:07:54 PDT"]
[Termination "Gevorg_Harutjunyan won by resignation"]

1. e4 e5 2. Nf3 Nc6 3. d4 exd4 4. Nxd4 Nf6 5. Nxc6 bxc6 6. e5 Qe7 7. Qe2 Nd5 8. c4 Ba6 9. b3 g6 10. Bb2 Bg7 11. Nd2 O-O 12. O-O-O Rfe8 13. Nf3 d6 14.
Qd2 Nb6 15. exd6 Bxb2+ 16. Kxb2 cxd6 17. Qxd6 Qxd6 18. Rxd6 c5 19. Bd3 Bb7 20. Kc3 Rad8 21. Rxd8 Rxd8 22. Re1 Kf8 23. Be4 Bxe4 24. Rxe4 Rd1 25.
Re1 Rd6 26. Re5 Nd7 27. Rd5 Rxd5 28. cxd5 Ke7 29. Nd2 Kd6 30. Kc4 Ne5+ 31. Kb5 Kxd5 32. Ka6 Nc6 33. Kb7 a5 34. Nc4 Nb4 35. a4 Nd3 36. Nxa5 Nxf2 37. Nc4 Nd3 38. a5 Nb4 39. a6 Nc6 40. Kc7 Na7 41. Kb6 Nc8+ 42. Kb7 1-0

[Event "*** Titled Tuesday 3|2 Blitz"]
[Site "Chess.com"]
[Date "2016.05.03"]
[Round "1"]
[White "jcibarra"]
[Black "Rickstereo"]
[Result "1-0"]
[WhiteElo "2531"]
[BlackElo "2178"]
[TimeControl "180+2"]
[EndTime "11:07:55 PDT"]
[Termination "jcibarra won by resignation"]

1. e4 c5 2. Nf3 Nc6 3. d4 cxd4 4. Nxd4 Nf6 5. Nc3 e5 6. Ndb5 d6 7. Bg5 a6 8. Na3 b5 9. Bxf6 gxf6 10. Nd5 f5 11. g3 fxe4 12. Bg2 Be6 13. Bxe4 Rc8 14.
Qh5 Bg7 15. Rd1 h6 16. O-O O-O 17. c3 f5 18. Bg2 Ne7 19. Nc2 Kh7 20. Ncb4 Bf7 21.
Qh4 Nxd5 22. Qxd8 Rfxd8 23. Bxd5 Bh5 24. Be6 Bxd1 25. Bxf5+ Kh8 26. Bxc8 Rxc8 27. Rxd1 a5 28. Nd5 Rc5 29. Ne7 b4 30. cxb4 axb4 31. Rxd6 Rc2 32. b3 e4 33. Nf5 Bc3 34. Rxh6+ Kg8 35. Rh4 Rxa2 36. Rxe4 Rb2 37. Ne7+ Kf7 38. Nd5 Rxb3 39. Kg2 Bd2 40. Rd4 Rb2 41. h4 Be1 42. Rf4+ Ke6 43. Re4+ Kxd5 44. Rxe1 b3 45. h5 Ra2 46. g4 Kc4 47. h6 Ra6 48. g5 Rg6 49. f4 b2 50.
h7 1-0

[Event "*** Titled Tuesday 3|2 Blitz"]
[Site "Chess.com"]
[Date "2016.05.03"]
[Round "1"]
[White "Zurability"]
[Black "GMVladimir_Petkov"]
[Result "1-0"]
[WhiteElo "2406"]
[BlackElo "1935"]
[TimeControl "180+2"]
[EndTime "11:07:56 PDT"]
[Termination "Zurability won by checkmate"]

1. e4 e5 2. Nf3 Nc6 3. Bc4 Bc5 4. O-O Nf6 5. d3 O-O 6. c3 d5 7. exd5 Nxd5 8. a4 Nb6 9. Bb5 Bg4 10. Re1 Bd6 11. a5 Nd5 12. a6 Rb8 13. axb7 Nce7 14. Rxa7 c6 15. Bc4 Bc5 16. Ra8 Ng6 17. Nbd2 Rxa8 18.
bxa8=Q Qxa8 19. h3 Qa7 20. Ne4 Bxf3 21. Qxf3 Bb6 22. Ng3 Ndf4 23. Bxf4 exf4 24. Nf5 Qd7 25. Qg4 Rd8 26. d4 c5 27. d5 Bc7 28. d6 Bxd6 29.
Rd1 Qc7 30. Qg5 Rd7 31. h4 Bf8 32. Re1 Kh8 33. Re8 Rd1+ 34. Kh2 f3+ 35. g3 f6 36. Qe3 Qd7 37. Qe6 h5 38. Qg8# 1-0

[Event "*** Titled Tuesday 3|2 Blitz"]
[Site "Chess.com"]
[Date "2016.05.03"]
[Round "1"]
[White "motivated_bishop"]
[Black "Izoria123"]
[Result "0-1"]
[WhiteElo "2293"]
[BlackElo "2623"]
[TimeControl "180+2"]
[EndTime "11:07:59 PDT"]
[Termination "Izoria123 won by resignation"]

1. d4 Nf6 2. c4 g6 3. Nc3 Bg7 4. e4 d6 5. f3 O-O 6. Be3 c5 7. Nge2 Qa5 8. Nc1 cxd4 9. Nb3 Qh5 10. Nxd4 Nc6 11. Qd2 Nxd4 12. Bxd4 Be6 13. Be2 Nd7 14. Be3 Rfc8 15. Nd5 Bxd5 16. cxd5 Qe5 17. Rb1 f5 18. exf5 Qxf5 19. O-O Rc2 20. Bd3 Rxd2 21. Bxf5 Re2 22. Be6+ Kf8 23. Bf2 Nc5 24. Bxc5 dxc5 25. b3 b5 26. a4 bxa4 27. bxa4 c4 28. Rfe1 Bd4+ 29. Kh1 Rxe1+ 30. Rxe1 c3 31. Rc1 Rb8 32. g3 Rb2 33. d6 exd6 34. Bd5 Rd2 35. Be4 Be5 36. Bd5 Rxd5 0-1

[Event "*** Titled Tuesday 3|2 Blitz"]
[Site "Chess.com"]
[Date "2016.05.03"]
[Round "1"]
[White "SabinaFoisor"]
[Black "tac49"]
[Result "0-1"]
[WhiteElo "2251"]
[BlackElo "2580"]
[TimeControl "180+2"]
[EndTime "11:08:09 PDT"]
[Termination "tac49 won by resignation"]

1. d4 Nf6 2. c4 g6 3. Nc3 Bg7 4.
Nf3 O-O 5. e4 d6 6. Be2 Nbd7 7. O-O e5 8. Be3 c6 9. h3 exd4 10.
Nxd4 Re8 11. Qc2 Nc5 12. Bf3 Qe7 13. Bg5 h6 14. b4 hxg5 15. bxc5 dxc5 16. Nb3 g4 17.
hxg4 Bxg4 18. Rad1 Bxf3 19. gxf3 Nh5 20. Ne2 Qg5+ 21. Ng3 Nxg3 22. fxg3 Qxg3+ 23. Qg2 Qh4 24. Qh2 Qg5+ 25. Qg2 Qh5 26. Qh2 Qxh2+ 27. Kxh2 b6 28. Rf2 Rad8 29. Rfd2 Bf6 30. Kg3 Rxd2 31. Rxd2 Rd8 32.
Rxd8+ Bxd8 33. f4 f5 34. exf5 gxf5 35. a4 Kf7 36. Na1 Ke6 37. Nc2 a6 38. Kf3 b5 39.
Na3 bxa4 40. Ke3 Ba5 41. Kd3 Bb4 42. Nc2 a3 43. Na1 a5 44. Kc2 a4 45. Kd3 Kf6 46. Nc2 Kg6 47. Ne3 a2 48. Nc2 Kh5 49.
Na1 Kg4 50. Ke3 Bc3 0-1

[Event "*** Titled Tuesday 3|2 Blitz"]
[Site "Chess.com"]
[Date "2016.05.03"]
[Round "1"]
[White "VSERGUEI"]
[Black "CraiggoryC"]
[Result "1-0"]
[WhiteElo "2455"]
[BlackElo "2088"]
[TimeControl "180+2"]
[EndTime "11:08:10 PDT"]
[Termination "VSERGUEI won by resignation"]

1. d4 e6 2. c4 d5 3. Nc3 Nf6 4. cxd5 exd5 5. Bg5 c6 6. e3 Be7 7. Qc2 Na6 8. Bxa6 bxa6 9. Nf3 O-O 10. O-O Rb8 11. Na4 Ne4 12. Bxe7 Qxe7 13. Ne5 Bd7 14. Nxc6 Bxc6 15. Qxc6 Rfc8 16. Qxd5 Rb5 17. Nc5 Nxc5 18.
dxc5 Rbxc5 19. Qd3 Rc2 20. Qxa6 Qf6 21. Qxa7 Qxb2 22.
Qd4 Qxd4 23. exd4 Ra8 24. a4 Rd2 25. a5 Rxd4 26. Ra2 Rd5 27. a6 Kf8 28. a7 Rd7 29.
Rfa1 Ke7 30. g3 Rb7 31. Kg2 Kd8 32. Kf3 Kc7 33. Ke4 Kb6 34. Rb1+ Kc7 35. Rc2+ 1-0

[Event "*** Titled Tuesday 3|2 Blitz"]
[Site "Chess.com"]
[Date "2016.05.03"]
[Round "1"]
[White "Iwannabetheguy"]
[Black "pKiLz5Rn9b"]
[Result "0-1"]
[WhiteElo "1998"]
[BlackElo "2393"]
[TimeControl "180+2"]
[EndTime "11:08:11 PDT"]
[Termination "pKiLz5Rn9b won by resignation"]

1. e4 e6 2. d4 d5 3. Nc3 Nf6 4. Bg5 Be7 5. e5 Nfd7 6. h4 h6 7. Bxe7 Qxe7 8. Nf3 O-O 9. Bd3 c5 10. Qd2 Nc6 11. O-O-O cxd4 12. Nb5 Ndxe5 13. Nbxd4 Nxd4 14. Nxd4 Bd7 15. g4 f5 16. g5 hxg5 17. hxg5 Ng6 18.
Rh5 Qd6 19. Ne2 Kf7 20. Rdh1 Rh8 21. f4 Rxh5 22. Rxh5 Rh8 23. Rxh8 Nxh8 24. Nd4 Ng6 25. Ne2 e5 26. fxe5 Qxe5 27. Qb4 Bc6 28. Nd4 a5 29. Qc3 Qe3+ 30. Kd1 Qg1+ 31. Ke2 Nf4+ 32. Kf3 Qg4+ 33. Kf2 Nh3+ 34. Ke1 Qg3+ 35. Kd2 Qf4+ 36. Ke2 Ng1+ 37. Kd1 Qg4+ 38. Be2 Nxe2 39. Nxe2 Qxg5 40. Qxa5 Qe3 41. Qc7+ Kf6 42. Qd6+ Kg5 43. Qd8+ Kg4 44. Qc7 g5 45. Qh2 d4 46. a3 Bf3 47. b3 f4 48.
Ke1 Bxe2 49. Qxe2+ f3 50. Qxe3 dxe3 51. a4 Kg3 52.
Kf1 e2+ 53. Ke1 Kg2 0-1

[Event "*** Titled Tuesday 3|2 Blitz"]
[Site "Chess.com"]
[Date "2016.05.03"]
[Round "1"]
[White "Philofive"]
[Black "chess960now"]
[Result "1-0"]
[WhiteElo "2381"]
[BlackElo "1956"]
[TimeControl "180+2"]
[EndTime "11:08:11 PDT"]
[Termination "Philofive won by resignation"]

1. d4 Nf6 2. Bg5 d5 3. e3 Ne4 4.
Bf4 c5 5. Bd3 cxd4 6. exd4 Nc6 7.
Bxe4 dxe4 8. d5 e5 9. Be3 Nb4 10. Nc3 Bf5 11. Nge2 Rc8 12. Bxa7 e3 13. Rc1 b6 14. a3 exf2+ 15. Kf1 Na6 16. Ng3 Bg6 17. Qe2 Nc5 18. Qb5+ Qd7 19. Qxd7+ Nxd7 20. a4 Bb4 21. Nb5 O-O 22. c3 Bc5 23. Ke2 Nf6 24. Rhd1 Rfd8 25.
c4 Ng4 26. a5 Nxh2 27. Bxb6 Bxb6 28. axb6 Ng4 29. c5 Nf6 30. b7 Rb8 31. c6 Nxd5 32.
c7 Nxc7 33. Rxd8+ Rxd8 34. Rxc7 Bd3+ 35. Kxf2 Bxb5 36. Rc8 1-0

[Event "*** Titled Tuesday 3|2 Blitz"]
[Site "Chess.com"]
[Date "2016.05.03"]
[Round "1"]
[White "Aygehovit1992"]
[Black "Saitama_Hero"]
[Result "1-0"]
[WhiteElo "2511"]
[BlackElo "2154"]
[TimeControl "180+2"]
[EndTime "11:08:13 PDT"]
[Termination "Aygehovit1992 won by resignation"]

1. e4 c5 2. Nf3 d6 3. d4 cxd4 4.
Nxd4 Nf6 5. Nc3 g6 6. Be3 Bg7 7. f3 Nc6 8. Qd2 O-O 9. O-O-O d5 10. exd5 Nxd5 11. Nxc6 bxc6 12. Bd4 Bxd4 13. Qxd4 Qb6 14.
Na4 Qa5 15. b3 Qc7 16. h4 Be6 17. h5 Qf4+ 18. Qxf4 Nxf4 19. Nc5 Rad8 20. Rxd8 Rxd8 21. hxg6 hxg6 22. g3 Rd5 23. Nxe6 Nxe6 24. Bc4 Rd6 25. Re1 Kg7 26. Bxe6 fxe6 27. Re4 g5 28. Ra4 Rd7 29. Ra6 Rc7 30. Kd2 Kf6 31. Ke3 c5 32. c4 Ke5 33. Ra5 Kd6 34. Rb5 Rc6 35. Ke4 Kc7 36.
Ke5 a6 37. Ra5 Kb6 38. Ra4 Rd6 39. b4 cxb4 40. Rxb4+ Kc5 41. Ra4 Rd3 42. Ke4 Rd4+ 43. Ke3 Rd6 44. Ra5+ Kxc4 45. Rxg5 Rd3+ 46. Ke4 Rd2 47.
Ra5 Rd6 48. Ra3 Kb4 49. Rb3+ Kc4 50. Rb2 a5 51. g4 a4 52. g5 Kc3 53. Rg2 Rd8 54.
g6 Rg8 55. g7 a3 56. Ke5 Kd3 57. Kxe6 Ke3 58. Kf7 Kxf3 59. Kxg8 1-0

[Event "*** Titled Tuesday 3|2 Blitz"]
[Site "Chess.com"]
[Date "2016.05.03"]
[Round "1"]
[White "Lupul_Cenusiu"]
[Black "UltimateCrusher2"]
[Result "0-1"]
[WhiteElo "2428"]
[BlackElo "2098"]
[TimeControl "180+2"]
[EndTime "11:08:15 PDT"]
[Termination "UltimateCrusher2 won by checkmate"]

1. d4 b6 2. Nf3 Nf6 3. Bg5 Bb7 4.
Nbd2 e6 5. e3 Be7 6. Bd3 d5 7.
c4 Nbd7 8. O-O h6 9. Bh4 O-O 10. Rc1 dxc4 11. Nxc4 c5 12. Qe2 cxd4 13. exd4 Nd5 14.
Bg3 N7f6 15. Nfe5 Rc8 16. Rfd1 Nd7 17. Bb1 Nxe5 18. dxe5 Qc7 19. Qc2 g6 20. Qd2 Bg5 21. f4 Qc5+ 22. Kh1 Be7 23. Nd6 Bxd6 24. Rxc5 Bxc5 25.
Be4 Rfd8 26. Bh4 Rd7 27. Qe1 Rcc7 28. Bxd5 Rxd5 29. Rxd5 Bxd5 30. h3 Bxa2 31. Qd2 Bd5 32. f5 g5 33. Bxg5 hxg5 34. Qxg5+ Kh7 35. Qh4+ Kg7 36. Qg5+ Kh7 37. Qh5+ Kg7 38. Qg4+ Kf8 39. b4 Be3 40. Qh4 Rc2 41. Qh8+ Ke7 42. f6+ Kd7 43. Qf8 Bxg2+ 44. Kh2 Be4+ 45. Kg3 Rg2+ 46. Kh4 Bg5+ 47. Kh5 Bg6# 0-1

[Event "*** Titled Tuesday 3|2 Blitz"]
[Site "Chess.com"]
[Date "2016.05.03"]
[Round "1"]
[White "APL2001"]
[Black "BahadirOzen"]
[Result "0-1"]
[WhiteElo "2170"]
[BlackElo "2512"]
[TimeControl "180+2"]
[EndTime "11:08:20 PDT"]
[Termination "BahadirOzen won on time"]

1. e4 d6 2. d4 Nf6 3. Nc3 Nbd7 4. Nf3 e5 5. Bc4 Be7 6. O-O O-O 7. Re1 c6 8. a4 a5 9. h3 exd4 10. Nxd4 Nc5 11.
Bf4 Be6 12. Nxe6 fxe6 13. e5 Nd5 14. exd6 Bxd6 15. Bxd6 Qxd6 16. Ne4 Qf4 17. Nxc5 Qxf2+ 18. Kh1 Qxc5 19. Qg4 Kh8 20. Bd3 Nf4 21. Be4 Rf6 22. Qh4 Qh5 23. Qxh5 Nxh5 24. Rad1 Raf8 25. Kh2 Nf4 26.
Rd7 R6f7 27. Red1 Nd5 28. Rxf7 Rxf7 29. c4 Nf6 30. Rd8+ Ng8 31. Bf3 g6 32. Bg4 Re7 33. Ra8 h5 34. Be2 Kg7 35. Rxa5 Nf6 36. Re5 Nd7 37. Re3 e5 38. b4 e4 39. c5 Kf6 40.
a5 Ke5 41. Ra3 Nb8 0-1

[Event "*** Titled Tuesday 3|2 Blitz"]
[Site "Chess.com"]
[Date "2016.05.03"]
[Round "1"]
[White "destroyer305"]
[Black "wonderfultime"]
[Result "0-1"]
[WhiteElo "2300"]
[BlackElo "2608"]
[TimeControl "180+2"]
[EndTime "11:08:34 PDT"]
[Termination "wonderfultime won by resignation"]

1. e4 c5 2. d4 cxd4 3. c3 Nf6 4.
e5 Nd5 5. Nf3 e6 6. cxd4 d6 7.
a3 Nc6 8. Bd3 dxe5 9. dxe5 Be7 10.
O-O O-O 11. Qe2 b6 12. Rd1 Bb7 13. Bc2 Rc8 14. Qe4 g6 15. Bh6 Re8 16. Nbd2 Na5 17. Qd3 b5 18. Ne4 Nc4 19. Rab1 Qc7 20. Bb3 Nxe5 21.
Nxe5 Qxe5 22. Re1 Qh5 23. Bd2 a6 24. Qg3 Nf6 25. Nd6 Bxd6 26. Qxd6 Ne4 27. Qf4 Nxd2 28.
Qxd2 Red8 29. Qe3 Qg4 30. f3 Qf5 31. Rbc1 h5 32. Red1 Rxc1 33. Rxc1 Rd3 34. Qb6 Bxf3 35. gxf3 Qg5+ 36. Kf2 Qxc1 37. Qb8+ Kg7 38. Qe5+ Kh7 39. Qf6 Qe3+ 40. Kg2 Rd2+ 41. Kg3 Qg1+ 42. Kf4 Qd4+ 0-1

[Event "*** Titled Tuesday 3|2 Blitz"]
[Site "Chess.com"]
[Date "2016.05.03"]
[Round "1"]
[White "pedromartinez91"]
[Black "BartoszSocko"]
[Result "0-1"]
[WhiteElo "2338"]
[BlackElo "2700"]
[TimeControl "180+2"]
[EndTime "11:08:36 PDT"]
[Termination "BartoszSocko won by resignation"]

1. e4 e6 2. d4 d5 3. Nd2 Nf6 4. e5 Nfd7 5. Bd3 c5 6. c3 b6 7. Ne2 Ba6 8. Bxa6 Nxa6 9. Nf3 Nc7 10. O-O Be7 11. Nf4 O-O 12. Nh5 f5 13. exf6 Nxf6 14. Nxf6+ Bxf6 15. Bf4 Nb5 16. Be5 Nd6 17. Bxd6 Qxd6 18.
Qe2 Rae8 19. Rfe1 Qf4 20. Qe3 Qxe3 21. Rxe3 Kf7 22. Rae1 Re7 23. Ne5+ Bxe5 24. Rxe5 cxd4 25. cxd4 Rc8 26. f4 g6 27. Kf2 Rc4 28. Ke3 Rec7 29. Kd3 R7c6 30. R5e2 a5 31. Rd1 a4 32. a3 b5 33. Rdd2 b4 34. Rc2 b3 35. Rxc4 Rxc4 36.
g4 Kf6 37. Rd2 h5 38. h3 h4 39. Ke2 Rc1 40. Rd1 Rc2+ 41. Rd2 Rc1 42. Rd1 Rc8 43.
Rd2 g5 44. Kf3 Rc2 45. fxg5+ Kxg5 46. Ke3 Rc1 47. Kf2 Kf4 48. Re2 Rc2 49. Ke1 Rxe2+ 50.
Kxe2 Ke4 51. g5 Kf5 52. Kd3 Kxg5 53. Ke3 Kf5 54. Kf3 e5 55. Ke3 e4 56. Ke2 Kf4 57. Kf2 e3+ 58. Ke2 Ke4 59. Kd1 Kxd4 60. Ke2 Ke4 0-1